 Seeded DCSS version 0.30-a0-918-g0ff054e9dc (webtiles) character file.

Game seed: 13555036537017109050 (custom seed)

59272 GigaChad the Severer (level 15, -1/119 HPs)
             Began as a Formicid Fighter on Mar 20, 2023.
             Slain by an orc warlord
             ... wielding a +0 great sword
              (32 damage)
             ... on level 2 of the Orcish Mines.
             The game lasted 00:46:46 (17159 turns).

GigaChad the Severer (Formicid Fighter)            Turns: 17159, Time: 00:46:47

Health: -1/119     AC: 22    Str: 28    XL:     15   Next: 33%
Magic:  23/23      EV:  8    Int:  4    God:
Gold:   840        SH: 30    Dex: 26    Spells: 25/25 levels left

rFire   + + .      SeeInvis +    e - +6 executioner's axe "Ydwinn" {drain, rElec rPois Int-4 Dex+4}
rCold   + + +      Faith    .    l - +8 tower shield of Agoraphobia {Slay+3}
rNeg    . . .      Spirit   .    v - +0 gold dragon scales
rPois   +          Reflect  .    (helmet unavailable)
rElec   +          Rampage  .    (no cloak)
rCorr   .                        (no gloves)
Will    +....                    m - +0 pair of boots Stlth
                                 X - amulet "Tykliyst" {rC++ Regen+ Dex+3}
HPRegen 1.19/turn                p - ring of Devotion {rPois rF+ rC+ AC+4 Slay+3}
MPRegen 0.18/turn                w - +6 ring of dexterity

@: no status effects
A: permanent stasis, dig shafts and tunnels, antennae 3, four strong arms
a: Dig, Shaft Self


You were on level 2 of the Orcish Mines.
You visited 4 branches of the dungeon, and saw 19 of its levels.

You collected 1800 gold pieces.
You spent 960 gold pieces at shops.

Inventory:

Hand Weapons
 a - a +2 war axe
 e - the +6 executioner's axe "Ydwinn" (weapon) {drain, rElec rPois Int-4 Dex+4}
   (You acquired it on level 1 of the Dungeon)

   Int:       It affects your intelligence (-4).
   Dex:       It affects your dexterity (+4).
   rElec:     It insulates you from electricity.
   rPois:     It protects you from poison.
 N - a +3 demon whip of venom
 U - a +5 eveningstar of venom
 Y - a +2 spectral quarterstaff
Missiles
 n - 4 throwing nets
Armour
 l - the +8 tower shield of Agoraphobia (worn) {Slay+3}
   (You acquired it on level 2 of the Dungeon)

   Slay:      It affects your accuracy & damage with ranged weapons and melee
   (+3).
 m - a +0 pair of boots (worn)
 v - +0 gold dragon scales (worn)
 R - a +0 plate armour
Jewellery
 c - a +6 ring of dexterity
 g - a +4 ring of protection
 h - an amulet of the acrobat
 p - the ring of Devotion (left hand) {rPois rF+ rC+ AC+4 Slay+3}
   (You acquired it on level 2 of the Dungeon)

   [ring of protection]

   AC:        It affects your AC (+4).
   Slay:      It affects your accuracy & damage with ranged weapons and melee
   (+3).
   rF:        It protects you from fire.
   rC:        It protects you from cold.
   rPois:     It protects you from poison.
 w - a +6 ring of dexterity (right hand)
 F - a ring of ice
 S - a ring of fire
 X - the amulet "Tykliyst" (around neck) {rC++ Regen+ Dex+3}
   (You acquired it on level 4 of the Lair of Beasts)

   [amulet of regeneration]

   Dex:       It affects your dexterity (+3).
   rC:        It greatly protects you from cold.
   Regen:     It increases your rate of health regeneration.
Wands
 x - a wand of mindburst (9)
 A - a wand of paralysis (11)
 C - a wand of polymorph (10)
 E - a wand of flame (7)
 H - a wand of roots (44)
 L - a wand of acid (18)
Scrolls
 b - 4 scrolls of identify
 i - a scroll of magic mapping
 s - 7 scrolls of immolation
 y - 2 scrolls of fog
 D - 3 scrolls of noise
 I - 3 scrolls of amnesia
 J - 4 scrolls of summoning
 K - 3 scrolls of fear {unknown}
 O - 4 scrolls of poison
 P - 3 scrolls of vulnerability
 T - a scroll of brand weapon {unknown}
Potions
 d - 2 potions of might
 f - 12 potions of curing
 j - 3 potions of haste
 k - 4 potions of heal wounds
 o - 4 potions of degeneration
 q - a potion of mutation {unknown}
 r - 3 potions of attraction {unknown}
 t - 5 potions of flight
 z - 2 potions of magic {unknown}
 B - a potion of lignification {unknown}
 G - a potion of berserk rage {unknown}
 M - 4 potions of brilliance {unknown}
 Q - 3 potions of cancellation {unknown}
 V - 2 potions of invisibility {unknown}
Miscellaneous
 u - a phial of floods
 W - a phial of floods
 Z - a condenser vane


   Skills:
 * Level 11.3 Fighting
 + Level 15.8 Axes
 * Level 9.9 Armour
 * Level 6.7 Dodging
 + Level 2.4 Stealth
 * Level 15.7 Shields
 - Level 5.7 Spellcasting
 - Level 6.2 Evocations


You had 25 spell levels left.
You didn't know any spells.
Your spell library contained the following spells:

 Spells                   Type           Power      Damage    Failure   Level
 Apportation              Tloc           2%         N/A       100%        1
 Magic Dart               Conj           4%         1d3       100%        1
 Necrotise                Necr           4%         1d4       100%        1
 Summon Small Mammal      Summ           4%         N/A       100%        1
 Call Imp                 Summ           1%         N/A       100%        2
 Lesser Beckoning         Tloc           2%         N/A       100%        2
 Searing Ray              Conj           2%         2d4       100%        2
 Call Canine Familiar     Summ           1%         N/A       100%        3
 Gell's Gravitas          Tloc           1%         N/A       100%        3
 Kindle Blastsparks       Fire/Tloc/Air  2%         2d10      100%        3
 Mephitic Cloud           Conj/Pois/Air  1%         N/A       100%        3
 Summon Guardian Golem    Hex/Summ       1%         N/A       100%        3
 Teleport Other           Tloc           1%         N/A       100%        3
 Vampiric Draining        Necr           1%         2d6       100%        3
 Fulminant Prism          Conj/Hex       0%         3d5       100%        4
 Iskenderun's Mystic Bla  Conj/Tloc      1%         2d3       100%        4
 Agony                    Necr           1%         N/A       100%        5
 Alistair's Intoxication  Tmut/Pois      0%         N/A       100%        5
 Lee's Rapid Deconstruct  Erth           0%         3d4*      100%        5


Dungeon Overview and Level Annotations

Branches:
Dungeon (11/15)            Temple (0/1) D:4            Lair (5/5) D:9
 Shoals (0/4) Lair:3        Snake (0/4) Lair:3        Slime (1/5) Lair:4
    Orc (2/2) D:11
    Elf: Orc:2

Altars:
Cheibriados
Fedhas
Gozag
Kikubaaqudgha
Yredelemnul
Zin
The Shining One

Shops:
D:4 [   D:8 :

Portals:
Abyss: D:7

Annotations:
D:7 2 transporters, GigaChad's ghost, novice FoFi


Innate Abilities, Weirdness & Mutations

You cannot be hasted, slowed, berserked, paralysed or teleported.
You can dig through walls and to a lower floor.
You have a pair of large antennae on your head. (SInv)
Your four strong arms can wield two-handed weapons with a shield.


Message History

You slash the orc!
You kill the orc!
You slash the orc warrior! You drain the orc warrior.
The orc warrior is moderately wounded.
You closely miss the orc. You slash the orc warrior! You slice the orc priest!!
You kill the orc priest!
You block the orc warrior's attack. The orc barely misses you.
You block the orc warrior's attack. You block the orc's attack.
You block the orc warrior's attack.
The orc warrior hits you but does no damage.
You slash the orc warrior!
The orc warrior is severely wounded.
You slash the orc warrior! You slice the orc wizard!!
You kill the orc wizard!
You slash the orc!
You kill the orc!
You block the orc warrior's attack. x2
You barely miss the orc warrior.
The orc warrior is severely wounded.
You slice the orc warrior!!
You kill the orc warrior!
You block the orc warrior's attack.
You slash the orc warrior!
You kill the orc warrior!
You slice the orc!!
You kill the orc!
The ogre attacks as you move away! You block the ogre's attack.
The orc warlord hits you with a +0 great sword!
* * * LOW HITPOINT WARNING * * *
Items here: ) [[ †††.
You slice the ogre!!
You kill the ogre!
You slash the orc warlord! You block the orc warlord's attack.
You block the orc warlord's attack.
Items here: ))))))) [[[ †.
You slash the orc warlord! You drain the orc warlord.
The orc warlord is moderately wounded.
You block the orc warlord's attack.
The orc warlord hits you with a +0 great sword!!
You die...

.......#.....
..............
#.............#.....
##..........#.......# #.
#.....#.............#..#
#.......................
##.#..$..#......))......
#.............)#o)......
#.............)@)..._..
#....$.......#))......
#..........).##.......
#.........)......####.
##.....)#))))..#.##
##........)..#.§....
#...$...........#.##.
#...........##.#...#
#...........###.#....


You could see an orc warlord (strong, drained).

Vanquished Creatures
  Gastronok (Lair:1)
  Kirke (Lair:3)
  An orc warlord (Orc:2)
  2 hydras (Lair:5)
  Erica (D:8)
  2 two-headed ogres (D:11)
  9 death yaks
  A boulder beetle (Lair:5)
  A centaur warrior (D:10)
  Urug (Lair:3)
  3 orc high priests (Orc:2)
  Sonja (Lair:3)
  2 skysharks (Lair:5)
  Amaemon (D:8)
  A wizard (D:10)
  An orc sorcerer (Orc:2)
  3 orc knights (Orc:2)
  3 manticores
  A cyclops (D:11)
  3 black mambas (Lair:5)
  6 centaur zombies (D:10)
  An orange demon (D:8)
  A demonic crawler (Lair:3)
  13 cane toads
  Maggie (D:7)
  An unseen horror (D:10)
  4 rime drakes
  2 unseen horror zombies (D:10)
  7 komodo dragons
  5 trolls
  13 polar bears
  A meliai zombie (D:10)
  15 blink frogs
  6 dream sheep (Lair:3)
  3 raiju (Lair:5)
  A slime creature (Lair:4)
  3 vampires (D:10)
  3 shadows (D:10)
  11 wraiths
  22 yaks
  7 wyverns
  2 basilisks
  A hog (Lair:3)
  2 swamp worms (Lair:3)
  2 nagas (Lair:3)
  9 water moccasins
  6 wargs
  14 hell hounds (Lair:5)
  19 orc warriors
  16 black bears
  A sky beast (D:7)
  3 ice beasts
  9 ogres
  13 wolves (Lair:5)
  5 centaurs
  2 phantoms
  A kobold brigand (D:9)
  7 bullfrogs
  3 scorpions (D:6)
  3 gnoll sergeants
  3 wights (D:8)
  3 killer bees (D:9)
  An electric eel (Lair:2)
  5 howler monkeys
  3 jellies (Lair:4)
  24 orc priests
  A gnoll bouda (D:5)
  2 hounds
  6 iguanas
  Natasha (thrice) (D:2)
  18 orc wizards
  Robin (D:4)
  6 adders
  25 gnolls
  A white imp (D:8)
  2 ufetubi
  3 worms
  5 dart slugs
  89 orcs
  3 ball pythons
  7 endoplasms
  3 giant cockroaches
  16 goblins
  8 hobgoblins
  7 jackals (D:4)
  3 quokkas (D:2)
  7 bats
  5 frilled lizards
  10 kobolds
  6 rats
  A spectral orc (D:5)
560 creatures vanquished.

Vanquished Creatures (others)
  2 humans (Lair:3)
  2 orc wizards
  46 fungi
  55 plants
105 creatures vanquished.

Grand Total: 665 creatures vanquished

Notes
Turn   | Place    | Note
-------+----------+-------------------------------------------
     0 | D:1      | GigaChad the Formicid Fighter began the quest for the Orb.
     0 | D:1      | Reached XP level 1. HP: 18/18 MP: 1/1
   266 | D:1      | Reached XP level 2. HP: 24/24 MP: 2/2
   412 | D:1      | Identified a scroll of acquirement
   412 | D:1      | Acquired the +6 executioner's axe "Ydwinn" {drain, rElec
                  | rPois Int-4 Dex+4}
   726 | D:2      | Acquired the +8 tower shield of Agoraphobia {Slay+3}
   788 | D:2      | Reached XP level 3. HP: 29/29 MP: 3/3
   811 | D:2      | Reached skill level 5 in Shields
   813 | D:2      | Reached XP level 4. HP: 13/36 MP: 4/4
  1287 | D:2      | Noticed Natasha
  1293 | D:2      | Killed Natasha
  1294 | D:2      | Reached XP level 5. HP: 31/42 MP: 5/5
  1423 | D:2      | Noticed Natasha
  1428 | D:2      | Killed Natasha
  1513 | D:2      | Acquired the ring of Devotion {rPois rF+ rC+ AC+4 Slay+3}
  1564 | D:2      | Noticed Natasha
  1570 | D:2      | Killed Natasha
  1828 | D:3      | Reached XP level 6. HP: 48/48 MP: 6/6
  2284 | D:3      | You fall into a shaft and drop 1 floor!
  2579 | D:4      | Noticed Robin
  2584 | D:4      | Killed Robin
  2805 | D:4      | Found a staircase to the Ecumenical Temple.
  2948 | D:4      | Found Haida's Dragon-Slaying Spoils.
  3072 | D:5      | Entered Level 5 of the Dungeon
  3090 | D:5      | Reached skill level 5 in Axes
  3090 | D:5      | Reached XP level 7. HP: 55/55 MP: 7/7
  3714 | D:5      | Found a basalt altar of Yredelemnul.
  4047 | D:6      | Reached skill level 5 in Fighting
  4047 | D:6      | Reached XP level 8. HP: 55/62 MP: 8/8
  4514 | D:6      | Reached XP level 9. HP: 68/68 MP: 9/9
  4790 | D:7      | Found a transporter.
  4807 | D:7      | Found a transporter.
  4838 | D:7      | Found a one-way gate to the infinite horrors of the Abyss.
  4838 | D:7      | Noticed GigaChad's ghost (novice FoFi)
  4840 | D:7      | Noticed a purple ugly thing
  5137 | D:7      | Noticed Maggie
  5146 | D:7      | Killed Maggie
  5147 | D:7      | Reached skill level 5 in Armour
  5199 | D:7      | Noticed an ancient zyme
  5678 | D:8      | Noticed an orange demon
  5679 | D:8      | Noticed Amaemon
  5689 | D:8      | Killed Amaemon
  5690 | D:8      | Reached skill level 10 in Axes
  5690 | D:8      | Reached XP level 10. HP: 50/77 MP: 10/10
  5696 | D:8      | Killed an orange demon
  5697 | D:8      | Reached skill level 1 in Dodging
  5927 | D:8      | Noticed Erica
  5934 | D:8      | Killed Erica
  6004 | D:8      | Found a snail-covered altar of Cheibriados.
  6014 | D:8      | Found Ruafryfu's Book Shop.
  6183 | D:8      | Reached skill level 10 in Shields
  6196 | D:8      | Found a blossoming altar of Fedhas.
  6196 | D:8      | Found a faded altar of an unknown god.
  6205 | D:8      | Found a faded altar of an unknown god.
  6207 | D:8      | Found an ancient bone altar of Kikubaaqudgha.
  6209 | D:8      | Found a glowing silver altar of Zin.
  6375 | D:9      | Reached XP level 11. HP: 57/84 MP: 11/11
  6607 | D:9      | Found a staircase to the Lair.
  6689 | D:9      | Found an opulent altar of Gozag.
  6959 | Lair:1   | Entered Level 1 of the Lair of Beasts
  7001 | Lair:1   | Noticed Gastronok
  7017 | Lair:1   | Killed Gastronok
  7367 | Lair:1   | Reached skill level 1 in Evocations
  7440 | Lair:1   | Reached skill level 1 in Spellcasting
  8319 | Lair:2   | Reached XP level 12. HP: 85/92 MP: 15/15
  8830 | Lair:3   | Noticed Urug
  8838 | Lair:3   | Killed Urug
  9308 | Lair:3   | Noticed Sonja
  9318 | Lair:3   | Killed Sonja
  9341 | Lair:3   | Found a staircase to the Shoals.
  9481 | Lair:3   | Noticed Kirke
  9488 | Lair:3   | Killed Kirke
  9585 | Lair:3   | Found a staircase to the Snake Pit.
  9669 | Lair:3   | You fall into a shaft and drop 2 floors!
  9669 | Lair:5   | Entered Level 5 of the Lair of Beasts
  9696 | Lair:5   | Noticed a boulder beetle
  9721 | Lair:5   | Killed a boulder beetle
  9722 | Lair:5   | Reached XP level 13. HP: 75/101 MP: 18/18
  9966 | Lair:5   | Identified the +2 robe of Untold Secrets {Rampage rC+}
 10315 | Lair:5   | Reached skill level 5 in Dodging
 10315 | Lair:5   | Reached skill level 5 in Evocations
 10323 | Lair:5   | Found an opulent altar of Gozag.
 10373 | Lair:5   | Reached skill level 5 in Spellcasting
 10569 | Lair:5   | Reached XP level 14. HP: 109/109 MP: 21/21
 11384 | Lair:5   | Reached skill level 10 in Fighting
 11951 | Lair:4   | Acquired the amulet "Tykliyst" {rC++ Regen+ Dex+3}
 12389 | Lair:4   | Found a staircase to the Slime Pits.
 13919 | Lair:3   | You fall into a shaft and drop 2 floors!
 14099 | Slime:1  | Entered Level 1 of the Pits of Slime
 14099 | Slime:1  | Noticed an azure jelly
 14105 | Lair:4   | Reached skill level 15 in Axes
 14237 | D:10     | Entered Level 10 of the Dungeon
 14355 | D:10     | Identified the ring of Jasa {Fly rN+++ Str-5 Dex+3}
 14627 | D:10     | Reached skill level 15 in Shields
 15114 | D:4      | Bought +0 gold dragon scales for 960 gold pieces
 15425 | D:10     | Found a glowing golden altar of the Shining One.
 15839 | D:11     | Reached XP level 15. HP: 117/117 MP: 23/23
 16244 | D:11     | Found a staircase to the Orcish Mines.
 16304 | Orc:1    | Entered Level 1 of the Orcish Mines
 17052 | Orc:2    | Entered Level 2 of the Orcish Mines
 17100 | Orc:2    | Noticed an orc warlord
 17110 | Orc:2    | Killed an orc warlord
 17150 | Orc:2    | Noticed an orc warlord
 17159 | Orc:2    | Slain by an orc warlord

Illustrated notes

Levels and vault maps discovered:
D:1:      dpeg_arrival_water_fire, layout_basic
D:2:      layout_basic, hex_large, reono_crystal_passage, st_stairs_2,
          minmay_tromino_v7, uniq_natasha
D:3:      layout_basic
D:4:      kennysheep_goblin_castle, layout_rooms, lemuel_temple_firewalk_b,
          nicolae_shop_dragon_depot
D:5:      layout_loops_corners, yredelemnul_forgotten_temple_becter
D:6:      dreamdust_elfheim, layout_loops_cross, nicolae_kite_square_tiling_tiny
D:7:      layout_loops_ring, gammafunk_ghost_abyssal_escape,
          corexii_hall_statues_x, uniq_maggie
D:8:      layout_rooms, chequers_temple_overflow_minitemple,
          kennysheep_slug_shrine, serial_shops, nicolae_stop_n_shop_1,
          uniq_amaemon, uniq_erica
D:9:      layout_rooms, kennysheep_mini, grunt_lair_entry_orc_guard_hut,
          grunt_decor_cap
D:10:     layout_gridville, tso_oasis_becter, serial_undead, serial_undead_e,
          serial_undead_d, serial_undead_d, serial_undead_e, serial_undead_a,
          serial_undead_d, minmay_radiant
D:11:     layout_stronghold, hiddenorc2_lemuel, gauntlet_entry_generic
Lair:1:   layout_cave_pods, uniq_gastronok
Lair:2:   layout_cave_pods, gammafunk_lair_bear_cave, lemuel_fruit_fields,
          serial_bayou_shore_b, grunt_megastairs_5
Lair:3:   layout_long_grid, minmay_shoals_entry_centaurs,
          guppyfry_snake_entry_island, cheibrodos_lair_caveside_slide,
          worms_lemuel, grunt_megastairs_2, uniq_sonja, uniq_kirke, uniq_urug
Lair:4:   layout_cave_pods, nicolae_slime_entry_slimehenge
Lair:5:   hangedman_lair_caniforms_friends, layout_cave_shapes, basic_altar
Slime:1:  layout_caves, nicolae_slime_ancient_tower_intersection
Orc:1:    layout_caves, nicolae_orc_damp_corner
Orc:2:    grunt_orc_gardens, layout_caves, grunt_orc_garden, grunt_orc_garden,
          grunt_orc_garden, grunt_orc_garden, basic_altar

Skill      XL: |  1  2  3  4  5  6  7  8  9 10 11 12 13 14 15 |
---------------+----------------------------------------------+-----
Shields        | 5 6 7 9 10 11 12 13 15 | 15.7
Axes           | 3 4 5 6 7 10 11 12 13 14 15 | 15.8
Fighting       | 4 5 6 7 8 9 10 11 | 11.3
Armour         | 4 5 6 7 8 9 |  9.9
Stealth        | 2 |  2.4
Dodging        | 1 3 4 5 6 |  6.7
Evocations     | 1 3 5 6 |  6.2
Spellcasting   | 2 3 5 |  5.7

Action                     |  1- 3 |  4- 6 |  7- 9 | 10-12 | 13-15 || total
---------------------------+-------+-------+-------+-------+-------++-------
  Melee: War axe           |    22 |       |       |       |       ||    22
         Executioner's axe |    13 |   112 |   113 |   263 |   452 ||   953
Ability: Dig               |       |     2 |     4 |       |       ||     6
    Use: Scroll            |     2 |     5 |    11 |       |     9 ||    27
         Potion            |       |       |     1 |       |     1 ||     2
 Armour: Scale mail        |    13 |     7 |       |       |       ||    20
         Chain mail        |       |    22 |    35 |    20 |       ||    77
         Plate armour      |       |       |       |    81 |   124 ||   205
         Gold dragon scale |       |       |       |       |    48 ||    48
  Dodge: Dodged            |    15 |    21 |    22 |    50 |   122 ||   230
  Block: Buckler           |     3 |       |       |       |       ||     3
         Tower shield      |    17 |   129 |   147 |   372 |   773 ||  1438

Table legend: (Time is in decaauts)
 A = Elapsed time spent in this place.
 B = Non-inter-level travel time spent in this place.
 C = Inter-level travel time spent in this place.
 D = Time resting spent in this place.
 E = Time spent auto-exploring this place.
 F = Levels seen in this place.
 G = Mean time per level.
                   A        B        C        D        E       F      G
               +--------+--------+--------+--------+--------+-----+--------+
         Total |  17684 |  16009 |   1675 |   1520 |  10837 |  19 |  930.7 |
       Dungeon |   9759 |   8767 |    992 |     80 |   6669 |  11 |  887.2 |
          Lair |   7038 |   6355 |    683 |   1440 |   3568 |   5 | 1407.6 |
    Slime Pits |      1 |      1 |      0 |      0 |      0 |   1 |    1.0 |
  Orcish Mines |    884 |    884 |      0 |      0 |    598 |   2 |  442.0 |
               +--------+--------+--------+--------+--------+-----+--------+

Top non-repeatable levels by time:
  Lair:5: 2314 daAuts
  Lair:3: 1347 daAuts
  Lair:4: 1235 daAuts
     D:5: 1120 daAuts
  Lair:2: 1109 daAuts
     D:4: 1083 daAuts
     D:7: 1054 daAuts
  Lair:1: 1032 daAuts
     D:9: 927 daAuts
     D:2: 924 daAuts
    D:11: 845 daAuts
    D:10: 816 daAuts
     D:6: 775 daAuts
   Orc:1: 762 daAuts
     D:3: 755 daAuts
